 Dungeon Crawl Stone Soup version 0.30-a0-586-g23e55c9e0a (webtiles) character file.

Game seed: 6517796582364878130

5001 cforsyth the Fighter (level 10, -14/94 HPs)
             Began as a Ghoul Monk on Jan 3, 2023.
             Was a Priest of Okawaru.
             Demolished by Grum
             ... wielding a +0 vampiric spear
              (18 damage)
             ... on level 9 of the Dungeon.
             The game lasted 00:11:05 (9247 turns).

cforsyth the Fighter (Ghoul Monk)                   Turns: 9247, Time: 00:11:06

Health: -14/94     AC: 13    Str: 26    XL:     10   Next: 54%
Magic:  9/9        EV:  8    Int:  5    God:    Okawaru [***...]
Gold:   437        SH:  0    Dex: 11    Spells: 9/9 levels left

rFire   . . .      SeeInvis +      - Unarmed
rCold   + . .      Faith    .    (no shield)
rNeg    + + +      Spirit   .    m - +0 plate armour
rPois   ∞          Reflect  .    (no helmet)
rElec   .          Harm     .    (no cloak)
rCorr   .          Rampage  .    (no gloves)
Will    .....                    (no boots) Stlth
                                 (no amulet)
HPRegen 0.00/turn                c - +6 ring of strength
MPRegen 0.11/turn                u - ring of see invisible

@: inhibited regen
A: claws 1, cold resistance 1, negative energy resistance 3, inhibited
regeneration, torment resistance 2, devour on kill
a: Renounce Religion, Heroism


You were on level 9 of the Dungeon.
You worshipped Okawaru.
Okawaru was most pleased with you.
You visited 2 branches of the dungeon, and saw 10 of its levels.

You collected 437 gold pieces.

Inventory:

Armour
 m - a +0 plate armour (worn)
Jewellery
 c - a +6 ring of strength (left claw)
 q - a ring of resist corrosion
 u - a ring of see invisible (right claw)
 w - an amulet of regeneration
 A - a ring of flight
 D - a ring of magical power
Wands
 E - a wand of mindburst (7)
Scrolls
 a - a scroll of vulnerability {unknown}
 f - 3 scrolls of teleportation
 h - a scroll of blinking {unknown}
 k - 2 scrolls of fear {unknown}
 l - 2 scrolls of enchant armour {unknown}
 n - a scroll of torment {unknown}
 o - 4 scrolls of noise {unknown}
 p - a scroll of fog {unknown}
 s - a scroll of enchant weapon {unknown}
 t - a scroll of immolation {unknown}
 y - a scroll of amnesia {unknown}
 B - a scroll of acquirement {unknown}
 C - 2 scrolls of identify
 F - a scroll of silence {unknown}
Potions
 b - a potion of ambrosia
 d - 3 potions of flight {unknown}
 e - 3 potions of curing
 g - 2 potions of heal wounds
 i - a potion of resistance
 j - 3 potions of cancellation
 r - a potion of lignification {unknown}
 v - a potion of might {unknown}
 x - a potion of invisibility {unknown}
 z - 2 potions of degeneration {unknown}


   Skills:
 + Level 10.4 Fighting
 + Level 7.7 Armour
 - Level 2.6 Dodging
 - Level 2.1 Stealth
 + Level 10.3 Unarmed Combat


You had 9 spell levels left.
You didn't know any spells.
Your spell library contained the following spells:

 Spells                   Type           Power      Damage    Failure   Level
 Kiss of Death            Conj/Necr      0%         2d5       99%         1
 Confusing Touch          Hex            0%         N/A       100%        3
 Inner Flame              Hex/Fire       0%         N/A       100%        3
 Cause Fear               Hex            0%         N/A       100%        4
 Dispel Undead            Necr           0%         3d6       100%        4
 Discord                  Hex            0%         N/A       100%        8


Dungeon Overview and Level Annotations

Branches:
Dungeon (9/15)             Temple (1/1) D:5
   Lair: D:8-11         Orc: D:9-12

Altars:
Ashenzari
Cheibriados
Dithmenos
Fedhas
Gozag
Hepliaklqana
Kikubaaqudgha
Makhleb
Nemelex Xobeh
Okawaru
Ru
Sif Muna
Trog
Uskayaw
Wu Jian
Xom

Shops:
D:2 ?=[[   D:4 [   D:6 (

Annotations:
D:3 Sigmund
D:9 Grum


Innate Abilities, Weirdness & Mutations

You are immune to poison.
You have sharp fingernails.
Your flesh is cold resistant. (rC+)
You are immune to negative energy. (rN+++)
You do not regenerate when monsters are visible.
You are immune to unholy pain and torment.
You thrive by killing the living.


Message History

The wyvern barely misses you.
You barely miss the wyvern.
The wyvern is almost dead.
The wyvern misses you.
You claw the wyvern!
You kill the wyvern!
Okawaru accepts your kill.
The centaur wields a +0 shortbow.
The centaur shoots an arrow.
The arrow hits you but does no damage.
The centaur unwields a +0 shortbow.
The centaur barely misses you.
The centaur kicks you but does no damage.
Grum zaps a wand.
The roots erupt in riotous growth!
The grasping roots grab you!
Grum is unaffected.
The centaur is unaffected.
The grasping roots constrict you. The centaur hits you.
The centaur kicks you but does no damage.
Things that are here:
a wyvern corpse; a wolf corpse; a bullfrog corpse You mangle the centaur!!
The centaur is almost dead.
The centaur hits you but does no damage.
The centaur kicks you but does no damage.
Grum hits you with a +0 vampiric spear!
* * * LOW HITPOINT WARNING * * *
The grasping roots constrict you.
* * * LOW HITPOINT WARNING * * *
Unknown command.
You claw the centaur!
You kill the centaur!
Okawaru accepts your kill. Grum hits you with a +0 vampiric spear!
* * * LOW HITPOINT WARNING * * *
The grasping roots constrict you.
* * * LOW HITPOINT WARNING * * *
Unknown command.
Unknown command.
You escape the roots grasp.
The wolf bites you.
* * * LOW HITPOINT WARNING * * *
Grum hits you from afar with a +0 vampiric spear!!
You die...

##........
#......... #
#......... ##
#.....^... .##
......... ..#
##........ #.##
##)........ #.F##
##hg##...$.[ ##..##
##@### #####
##..##########.##
##........##†##
###).........##
##..#######....####
...## ##.........#
.### ###......)...#
## ##............#
#...(........##


You could see Grum and a wolf.

Vanquished Creatures
  A hornet (D:8)
  3 yaks (D:9)
  2 wyverns
  3 water moccasins
  3 orc warriors
  2 ice beasts (D:5)
  4 sky beasts
  2 black bears (D:6)
  2 centaurs
  A wolf (D:9)
  An ogre (D:6)
  3 phantoms
  6 bullfrogs
  3 scorpions
  2 necrophages
  7 wights
  6 killer bees (D:7)
  An electric eel (D:8)
  3 howler monkeys (D:8)
  3 jellies
  A hound (D:5)
  4 orc priests
  3 iguanas
  8 orc wizards
  3 gnolls (D:2)
  6 adders
  2 white imps
  3 ufetubi
  2 worms
  3 dart slugs
  13 orcs
  8 bats
  7 endoplasms
  6 goblins
  6 hobgoblins
  4 jackals (D:2)
  12 kobolds
  6 quokkas
  6 ball pythons
  5 frilled lizards
  2 rats
168 creatures vanquished.

Vanquished Creatures (others)
  46 fungi (D:9)
  44 plants (D:9)
90 creatures vanquished.

Grand Total: 258 creatures vanquished

Notes
Turn   | Place    | Note
-------+----------+-------------------------------------------
     0 | D:1      | cforsyth the Ghoul Monk began the quest for the Orb.
     0 | D:1      | Reached XP level 1. HP: 19/19 MP: 0/0
     6 | D:1      | You fall into a shaft and drop 1 floor!
   149 | D:2      | Reached XP level 2. HP: 23/27 MP: 1/1
   402 | D:2      | Found Veogoqud's Magic Scroll Boutique.
   420 | D:2      | Found Juaroch's Jewellery Boutique.
   490 | D:2      | Reached XP level 3. HP: 33/33 MP: 2/2
  1407 | D:2      | Reached XP level 4. HP: 41/41 MP: 3/3
  1454 | D:2      | Found Gugami's Armour Emporium.
  1866 | D:2      | Found Gupaeffe's Antique Armour Shop.
  2180 | D:3      | Found a faded altar of an unknown god.
  2393 | D:3      | Found an ornate altar of the Wu Jian Council.
  2394 | D:3      | Noticed Sigmund
  2450 | D:3      | Reached skill level 1 in Armour
  2450 | D:3      | Reached XP level 5. HP: 47/47 MP: 4/4
  2749 | D:3      | Found an ancient bone altar of Kikubaaqudgha.
  3000 | D:3      | Found a broken altar of Ashenzari.
  3149 | D:4      | Found Soin's Armour Shoppe.
  3244 | D:4      | Reached skill level 5 in Fighting
  3244 | D:4      | Reached skill level 5 in Unarmed Combat
  3254 | D:4      | Reached XP level 6. HP: 22/56 MP: 5/5
  4292 | D:5      | Entered Level 5 of the Dungeon
  4366 | D:5      | Reached XP level 7. HP: 62/62 MP: 6/6
  4465 | D:5      | Found a staircase to the Ecumenical Temple.
  4802 | D:6      | HP: 3/64 [iguana (4)]
  5012 | D:6      | Reached XP level 8. HP: 62/71 MP: 7/7
  5527 | D:6      | Found Omakacu's Antique Weapon Shoppe.
  5651 | D:6      | Reached skill level 5 in Armour
  6034 | D:7      | Reached XP level 9. HP: 70/81 MP: 8/8
  7621 | Temple   | Entered the Ecumenical Temple
  7661 | Temple   | Became a worshipper of Warmaster Okawaru
  7661 | Temple   | Reached * piety under Okawaru
  7661 | Temple   | Reached ** piety under Okawaru
  7773 | D:8      | Noticed a hornet
  7803 | D:8      | Killed a hornet
  7975 | D:8      | Reached XP level 10. HP: 53/91 MP: 9/9
  8874 | D:9      | Reached skill level 10 in Fighting
  8878 | D:9      | Reached skill level 10 in Unarmed Combat
  9031 | D:9      | Reached *** piety under Okawaru
  9226 | D:9      | Noticed Grum
  9247 | D:9      | HP: 4/94 [wolf[Grum] (5)]
  9247 | D:9      | Demolished by Grum

Illustrated notes

Levels and vault maps discovered:
D:1:      minmay_arrival_four_houses, layout_loops_ring
D:2:      layout_rooms, serial_forest, infiniplex_forest_clump_small,
          infiniplex_forest_end_1, infiniplex_forest_straight_1,
          infiniplex_forest_clump_small, infiniplex_forest_pool,
          infiniplex_forest_lined_room_3, serial_shops, nicolae_shop_waterfront,
          shop, nicolae_shop_hallway_plus, nicolae_lakefront_shop,
          kennysheep_doodads
D:3:      minmay_diamond_boxcup, layout_loops_ring,
          nicolae_overflow_hidden_temple, mainiacjoe_overflow_small_starburst,
          ebering_ecumenical_altar_rust, uniq_sigmund
D:4:      layout_basic, good_gods_temple_1, serial_shops, nicolae_diamond_shop
D:5:      layout_basic, mainiacjoe_overflow_alcove_4,
          lemuel_mausoleum_altar_yredelemnul, minmay_temple_entry_antechambers,
          serial_glass, glass_columns_b, glass_columns_a, glass_columns_a,
          glass_columns_a, glass_columns_c, glass_columns_a, glass_columns_c,
          glass_columns_b, item_on_display_a, feat_on_display
D:6:      layout_basic, serial_shops, shop
D:7:      layout_basic
D:8:      layout_rooms, amcnicky_mini_corridor_feature, minmay_misc_feat_rugged,
          kennysheep_path_1
D:9:      layout_cave_pods, due_lair_maze_entry_diamond, serial_shops,
          nicolae_lakefront_shop, uniq_grum, uniq_amaemon
Temple:   cyrus_circular_temple

Skill      XL: |  1  2  3  4  5  6  7  8  9 10 |
---------------+-------------------------------+-----
Fighting       | 4 5 6 8 9 10 | 10.4
Unarmed Combat | 4 5 6 7 9 10 | 10.3
Armour         | 1 2 3 5 6 7 |  7.7
Dodging        | |  2.6
Stealth        | |  2.1

Action                   |  1- 3 |  4- 6 |  7- 9 | 10-12 || total
-------------------------+-------+-------+-------+-------++-------
Melee: Unarmed           |    72 |   150 |   322 |    93 ||   637
       Punch             |     2 |     5 |    19 |     5 ||    31
Invok: Heroism           |       |       |       |     1 ||     1
  Use: Scroll            |       |     5 |     3 |     1 ||     9
       Potion            |       |     1 |     1 |     1 ||     3
 Stab: Sleeping          |     6 |     1 |       |       ||     7
Armor: Robe              |    15 |    14 |       |       ||    29
       Plate armour      |       |    53 |   202 |    52 ||   307
Dodge: Dodged            |    42 |    60 |   156 |    36 ||   294

Table legend: (Time is in decaauts)
 A = Elapsed time spent in this place.
 B = Non-inter-level travel time spent in this place.
 C = Inter-level travel time spent in this place.
 D = Time resting spent in this place.
 E = Time spent auto-exploring this place.
 F = Levels seen in this place.
 G = Mean time per level.
                   A        B        C        D        E       F      G
               +--------+--------+--------+--------+--------+-----+--------+
         Total |   9168 |   8824 |    344 |   1756 |   5708 |  10 |  916.8 |
       Dungeon |   9118 |   8784 |    334 |   1756 |   5680 |   9 | 1013.1 |
        Temple |     49 |     40 |      9 |      0 |     28 |   1 |   49.0 |
               +--------+--------+--------+--------+--------+-----+--------+

Top non-repeatable levels by time:
     D:7: 1452 daAuts
     D:2: 1424 daAuts
     D:6: 1348 daAuts
     D:4: 1222 daAuts
     D:8: 1040 daAuts
     D:1: 817 daAuts
     D:3: 810 daAuts
     D:5: 525 daAuts
     D:9: 475 daAuts
  Temple: 49 daAuts
